 Dungeon Crawl Stone Soup version 0.21.1-1-g345015fe64 (webtiles) character file.

4214 Loge the Destroyer (level 10, -6/51 HPs)
             Began as a Deep Elf Fire Elementalist on July 14, 2018.
             Was a Follower of Vehumet.
             Mangled by an orc warrior
             ... wielding a +0 mace
              (19 damage)
             ... on level 9 of the Dungeon.
             The game lasted 00:59:00 (11770 turns).

Loge the Destroyer (Deep Elf Fire Elementalist)    Turns: 11770, Time: 00:59:01

Health: -6/51      AC:  3    Str:  5    XL:     10   Next: 9%
Magic:  7/25       EV: 14    Int: 24    God:    Vehumet [*.....]
Gold:   412        SH:  5    Dex: 15    Spells: 10/27 levels left

rFire    + . .     SeeInvis .   d - +0 dagger
rCold    . . .     Gourm    .   D - +0 buckler
rNeg     . . .     Faith    +   a - +0 robe
rPois    .         Spirit   .   (no helmet)
rElec    .         Reflect  .   p - scarf {repulsion}
rCorr    .         Harm     .   f - +0 pair of gloves
MR       +....                  (no boots)
Stlth    ++........             L - amulet of faith
HPRegen  0.17/turn              g - ring of protection from fire
MPRegen  0.19/turn              J - ring of flight

@: repel missiles
A: no striking features
a: Renounce Religion, Evoke Flight


You were on level 9 of the Dungeon.
You worshipped Vehumet.
Vehumet was aware of your devotion.
You were not hungry.

You visited 2 branches of the dungeon, and saw 10 of its levels.

You collected 412 gold pieces.

Inventory:

Hand Weapons
 d - a +0 dagger (weapon)
 y - a +0 blowgun
Missiles
 h - 171 stones (quivered)
 l - 80 arrows
 z - 53 poisoned needles
Armour
 a - a +0 robe (worn)
 f - a +0 pair of gloves (worn)
 p - a scarf of repulsion (worn)
 D - a +0 buckler (worn)
Magical Staves
 P - an uncursed staff of air
Jewellery
 g - a ring of protection from fire (left hand)
 x - an uncursed amulet of regeneration
 J - a ring of flight (right hand)
 L - an amulet of faith (around neck)
 Q - an uncursed amulet of rage {unknown}
Wands
 u - a wand of paralysis (3)
 F - a wand of random effects (34)
 K - a wand of polymorph (15)
Scrolls
 e - 7 scrolls of identify
 i - a scroll of noise {unknown}
 j - a scroll of amnesia {unknown}
 n - 2 scrolls of teleportation
 q - a scroll of enchant weapon {unknown}
 r - a scroll of random uselessness {unknown}
 w - a scroll of magic mapping {unknown}
 A - a scroll of blinking {unknown}
 H - 2 scrolls of immolation {unknown}
 N - 2 scrolls of remove curse {unknown}
Potions
 k - a potion of ambrosia {unknown}
 m - 3 potions of heal wounds
 o - a potion of agility {unknown}
 s - 2 potions of invisibility {unknown}
 t - 3 potions of lignification
 v - 2 potions of degeneration {unknown}
 B - a potion of curing {unknown}
 C - 2 potions of cancellation {unknown}
 E - a potion of experience {unknown}
 G - a potion of brilliance {unknown}
 I - a potion of might {unknown}
Books
 b - a book of Flames

   Spells                             Type                      Level
   a - Flame Tongue                   Conjuration/Fire             1
   b - Throw Flame                    Conjuration/Fire             2
   c - Conjure Flame                  Conjuration/Fire             3
   d - Inner Flame                    Hexes/Fire                   3
   e - Sticky Flame                   Conjuration/Fire             4
   f - Fireball                       Conjuration/Fire             5
 M - a book of Misfortune

   Spells                             Type                      Level
   a - Confusing Touch                Hexes                        1
   b - Confuse                        Hexes                        3
   c - Gell's Gravitas                Translocation                3
   d - Petrify                        Transmutation/Earth          4
   e - Metabolic Englaciation         Hexes/Ice                    5
   f - Yara's Violent Unravelling     Hexes/Transmutation          5
 R - a book of Minor Magic

   Spells                             Type                      Level
   a - Magic Dart                     Conjuration                  1
   b - Blink                          Translocation                2
   c - Call Imp                       Summoning                    2
   d - Slow                           Hexes                        2
   e - Conjure Flame                  Conjuration/Fire             3
   f - Mephitic Cloud                 Conjuration/Poison/Air       3
Comestibles
 c - 8 rations


   Skills:
 + Level 0.7 Fighting
 + Level 4.4 Dodging
 - Level 2.4 Stealth
 - Level 4.0 Shields
 + Level 9.4 Spellcasting
 - Level 10.4 Conjurations
 + Level 1.1 Translocations
 - Level 7.5 Fire Magic


You had 10 spell levels left.
You knew the following spells:

 Your Spells              Type           Power        Failure   Level  Hunger
a - Flame Tongue          Conj/Fire      #####        1%          1    None
b - Throw Flame           Conj/Fire      ######       1%          2    None
c - Conjure Flame         Conj/Fire      ######..     1%          3    None
d - Sticky Flame          Conj/Fire      ######..     1%          4    ##.....
e - Blink                 Tloc           N/A          5%          2    None
g - Fireball              Conj/Fire      ######....   3%          5    ####...


Dungeon Overview and Level Annotations

Branches:
Dungeon (9/15)             Temple (1/1) D:6             Orc (0/2) D:9
   Lair: D:8-11

Altars:
Ashenzari
Cheibriados
Dithmenos
Elyvilon
Fedhas
Gozag
Hepliaklqana
Kikubaaqudgha
Makhleb
Nemelex Xobeh
Okawaru
Qazlal
Ru
Sif Muna
Trog
Vehumet
Xom
Yredelemnul
The Shining One
Beogh

Shops:
D:6 (

Annotations:
D:2 exclusion: downstairs
D:3 exclusion: downstairs
D:4 exclusion: 2 downstairs
D:8 1 transporter
D:9 exclusion: door, Erolcha


Message History

Casting: Flame Tongue
Confirm with . or Enter, or press ? or * to list all spells.
Aiming: Flame Tongue
Press: ? - help, Shift-Dir - straight line, f/p - orc warrior
Aim: an orc warrior, wielding a mace and wearing a chain mail The flame tongue hits the orc warrior.
The orc warrior is lightly wounded.
The orc warrior hits you with a mace!
* * * LOW HITPOINT WARNING * * *
Casting: Flame Tongue
Confirm with . or Enter, or press ? or * to list all spells.
Aiming: Flame Tongue
Press: ? - help, Shift-Dir - straight line, f/p - orc warrior
Aim: an orc warrior, wielding a mace and wearing a chain mail (lightly wounded)
The flame tongue misses the orc warrior.
You block the orc's attack. The orc warrior hits you with a mace.
* * * LOW HITPOINT WARNING * * *
The phantom blinks!
The orc warrior hits you with a mace!!
You die...

################################
................................
#..............##..#..#........#
#..###..#.W....##..#............
.#..###..#)..#................#'#
..[..).......o.o@.............+..
.)......######...###...########..
...###..#....#.#.#.#...# #.. ..
....####'#...#.#...# #..
..............#.'...# #####..
..........##..#.#.#.#.# #...'[.
.#..............'.#.#.# #.#.###
.....S......####.#.#.# #......
...###.).#....+.#.# ####...


You could see a phantom, an orc warrior and an orc.

Vanquished Creatures
  The ghost of Htamos the Fighter, a novice GrBe of Trog (D:5)
  Prince Ribbit (D:9)
  Grinder (D:4)
  Sigmund (D:4)
  Eustachio (D:6)
  2 steam dragons (D:6)
  A hungry ghost (D:7)
  Menkaure (D:5)
  Duvessa (D:4)
  2 orc warriors (D:7)
  3 sky beasts (D:7)
  A phantom (D:8)
  3 ogres
  A centaur (D:6)
  Blork the orc (D:6)
  A wyvern zombie (D:9)
  2 bullfrogs
  Dowan (D:4)
  2 howler monkeys (D:7)
  A bullfrog zombie (D:5)
  A bullfrog skeleton (D:7)
  2 jellies
  6 orc priests
  2 centaur skeletons
  5 hounds
  5 orc wizards
  Ijyb (D:3)
  3 iguanas
  Terence (D:3)
  Natasha (twice) (D:3)
  7 worker ants
  The ghost of letownia the Insei, a weakling DsGl (D:4)
  3 hound skeletons
  A howler monkey zombie (D:3)
  4 gnolls (D:2)
  7 adders
  A shadow imp (D:5)
  2 adder zombies (D:3)
  2 adder skeletons
  2 dart slugs (D:1)
  5 leopard geckos
  21 orcs
  A ball python (D:1)
  4 giant cockroaches
  9 goblins
  7 hobgoblins
  9 kobolds
  3 quokkas
  5 bats
  4 frilled lizards
  A jackal skeleton (D:4)
  A leopard gecko skeleton (D:4)
  A leopard gecko zombie (D:5)
  8 rats
165 creatures vanquished.

Vanquished Creatures (others)
  5 toadstools (D:1)
5 creatures vanquished.

Grand Total: 170 creatures vanquished

Notes
Turn   | Place    | Note
-------+----------+-------------------------------------------
     0 | D:1      | Loge the Deep Elf Fire Elementalist began the quest for the Orb.
     0 | D:1      | Reached XP level 1. HP: 10/10 MP: 6/6
   313 | D:1      | Reached XP level 2. HP: 15/15 MP: 6/8
   317 | D:1      | Learned a level 2 spell: Throw Flame
   404 | D:1      | Reached skill level 2 in Conjurations
   885 | D:2      | Reached XP level 3. HP: 19/19 MP: 7/10
   896 | D:2      | Learned a level 3 spell: Conjure Flame
  1018 | D:2      | Reached skill level 3 in Conjurations
  1022 | D:2      | Reached XP level 4. HP: 15/24 MP: 0/11
  1112 | D:2      | Learned a level 4 spell: Sticky Flame
  2060 | D:3      | Noticed Terence
  2133 | D:3      | Found a faded altar of an unknown god.
  2370 | D:3      | Reached XP level 5. HP: 28/28 MP: 4/13
  2520 | D:3      | Reached skill level 4 in Conjurations
  2521 | D:3      | Noticed Natasha
  2613 | D:3      | Noticed Ijyb
  2620 | D:3      | Paralysed by Ijyb for 4 turns
  2626 | D:3      | Paralysed by Ijyb for 7 turns
  2770 | D:3      | Killed Natasha
  2949 | D:3      | Killed Ijyb
  3089 | D:3      | Found a basalt altar of Yredelemnul.
  3089 | D:3      | Found a sacrificial altar of Ru.
  3154 | D:3      | Noticed Natasha
  3166 | D:3      | Killed Natasha
  3484 | D:3      | Killed Terence
  3484 | D:3      | Reached XP level 6. HP: 32/32 MP: 7/15
  3665 | D:4      | Reached skill level 5 in Spellcasting
  3665 | D:4      | Reached skill level 5 in Conjurations
  3868 | D:4      | Reached skill level 5 in Fire Magic
  4117 | D:4      | Noticed Grinder
  4122 | D:4      | Paralysed by Grinder for 6 turns
  4131 | D:4      | Paralysed by Grinder for 5 turns
  4140 | D:4      | Killed Grinder
  4140 | D:4      | Reached skill level 6 in Conjurations
  4140 | D:4      | Reached XP level 7. HP: 36/36 MP: 1/17
  4325 | D:4      | Noticed letownia's ghost (weakling DsGl)
  4448 | D:4      | Killed letownia's ghost
  4614 | D:4      | Noticed Dowan
  4617 | D:4      | Noticed Duvessa
  5059 | D:4      | Noticed Sigmund
  5071 | D:4      | Learned a level 5 spell: Fireball
  5232 | D:4      | Killed Sigmund
  5583 | D:5      | Entered Level 5 of the Dungeon
  5668 | D:5      | Reached skill level 7 in Conjurations
  6042 | D:5      | Noticed Htamos's ghost (novice GrBe)
  6079 | D:5      | Killed Htamos's ghost
  6079 | D:5      | Reached skill level 1 in Shields
  6079 | D:5      | Reached XP level 8. HP: 34/41 MP: 4/20
  6193 | D:4      | Killed Duvessa
  6193 | D:4      | Reached skill level 8 in Conjurations
  6200 | D:4      | Killed Dowan
  6492 | D:5      | Noticed Menkaure
  6500 | D:5      | Killed Menkaure
  6553 | D:5      | Found an opulent altar of Gozag.
  6553 | D:5      | Found a sparkling altar of Nemelex Xobeh.
  7308 | D:6      | Reached XP level 9. HP: 40/45 MP: 12/22
  7358 | D:6      | Reached skill level 9 in Conjurations
  7420 | D:6      | Found Qivon's Weapon Shop.
  7430 | D:6      | Noticed Blork the orc
  7718 | D:6      | Killed Blork the orc
  7837 | D:6      | Found a staircase to the Ecumenical Temple.
  7917 | Temple   | Entered the Ecumenical Temple
  7976 | Temple   | Became a worshipper of Vehumet
  8075 | D:6      | Noticed Eustachio
  8086 | D:6      | Killed Eustachio
  9595 | D:7      | Reached * piety under Vehumet
  9595 | D:7      | Offered knowledge of Sting by Vehumet.
  9605 | D:7      | Reached skill level 10 in Conjurations
 10704 | D:8      | Found a transporter.
 10976 | D:8      | Found a roughly hewn altar of Beogh.
 10979 | D:8      | Found a transporter.
 11365 | D:9      | Reached XP level 10. HP: 50/50 MP: 15/25
 11427 | D:9      | Found a staircase to the Orcish Mines.
 11504 | D:9      | Noticed Erolcha
 11518 | D:9      | Learned a level 2 spell: Blink
 11638 | D:9      | Noticed Prince Ribbit
 11662 | D:9      | Killed Prince Ribbit
 11662 | D:9      | Reached skill level 1 in Translocations
 11752 | D:9      | Offered knowledge of Searing Ray by Vehumet.
 11770 | D:9      | Mangled by an orc warrior

Skill      XL: |  1  2  3  4  5  6  7  8  9 10 |
---------------+-------------------------------+-----
Conjurations   | 2 3 4 6 7 8 10 | 10.4
Fire Magic     | 4 5 6 7 |  7.5
Spellcasting   | 4 5 7 9 |  9.4
Shields        | 1 2 3 4 |  4.0
Dodging        | 4 |  4.4
Translocations | 1 |  1.1
Fighting       | |  0.7
Stealth        | |  2.4

Action                   |  1- 3 |  4- 6 |  7- 9 | 10-12 || total
-------------------------+-------+-------+-------+-------++-------
Melee: Dagger            |     1 |     5 |   166 |     1 ||   173
Throw: Stone             |       |       |     1 |       ||     1
 Cast: Flame Tongue      |    32 |    50 |   291 |    30 ||   403
       Throw Flame       |    14 |    60 |    63 |     9 ||   146
       Conjure Flame     |       |    11 |    39 |     1 ||    51
       Sticky Flame      |       |       |     1 |       ||     1
  Use: Scroll            |       |       |     3 |       ||     3
  Eat: Chunk             |     1 |    10 |    10 |       ||    21
       Ration            |       |       |     4 |       ||     4
Armor: Robe              |     1 |     1 |    31 |     1 ||    34
Dodge: Dodged            |     8 |     8 |    95 |     5 ||   116
       Deflected         |       |       |     5 |       ||     5
Block: Buckler           |       |       |    36 |     3 ||    39
